 Dungeon Sprint DCSS version 0.21-a0-55-gb612c23 (webtiles) character file.

63 Kidiri the Caller (level 4, -2/27 HPs)
             Began as a Tengu Summoner on June 14, 2017.
             Was a Follower of Qazlal.
             Slain by an orange demon (14 damage)
             ... in the Dungeon (Sprint V: "Ziggurat Sprint").
             The game lasted 00:03:45 (352 turns).

Kidiri the Caller (Tengu Summoner)                   Turns: 352, Time: 00:03:45

Health: -2/27      AC:  2    Str:  9    XL:     4   Next: 9%
Magic:  2/11       EV: 15    Int: 21    God:    Qazlal [*.....]
Gold:   0          SH:  9    Dex: 21    Spells: 3/12 levels left

rFire    . . .     SeeInvis .   I - +7 Screaming Sword
rCold    . . .     Gourm    .   J - +3 buckler
rNeg     . . .     Faith    .   a - +0 robe
rPois    .         Spirit   .   (helmet restricted)
rElec    .         Reflect  .   (no cloak)
rCorr    .         Harm     .   (no gloves)
MR       .....     NoTele   +   (boots unavailable)
Stlth    ++........             (no amulet)
HPRegen  0.09/turn              A - +6 ring of intelligence
MPRegen  0.12/turn              y - +6 ring of dexterity

@: very slightly contaminated
A: beak, talons 3
a: Renounce Religion


You were in the Dungeon.
You worshipped Qazlal.
Qazlal was aware of your devotion.
You were not hungry.

You visited 1 branch

Inventory:

Hand Weapons
 I - the +7 Screaming Sword (weapon)
   (You found it in the Dungeon)
Armour
 a - a +0 robe (worn)
 J - a +3 buckler (worn)
 K - a +3 large shield
 L - a +3 shield
 M - the +18 shield of the Gong {rElec rN+ MR+ EV-5}
   (You found it in the Dungeon)

   It affects your evasion (-5).
   It insulates you from electricity.
   It protects you from negative energy.
   It affects your resistance to hostile enchantments.
 N - a +4 chain mail of magic resistance
Jewellery
 y - a +6 ring of dexterity (right hand)
 z - a +6 ring of dexterity
 A - a +6 ring of intelligence (left hand)
 B - a +6 ring of intelligence
 C - a +6 ring of strength
 D - a +6 ring of strength
Wands
 E - a wand of disintegration (7/24)
 F - a wand of iceblast (5/15)
 G - a wand of lightning (5/15)
 H - a wand of acid (5/15)
Scrolls
 i - 4 scrolls of blinking
 p - 4 scrolls of amnesia
 q - 3 scrolls of recharging
 r - 7 scrolls of fog
 s - a scroll of holy word
 t - 5 scrolls of identify
 u - 5 scrolls of remove curse
 v - 2 scrolls of fear
Potions
 d - 10 potions of curing
 e - 10 potions of heal wounds
 f - 6 potions of haste
 g - 7 potions of magic
 h - 3 potions of berserk rage
 j - 2 potions of brilliance
 k - 2 potions of invisibility
 l - 4 potions of resistance
 n - 5 potions of agility
 o - 5 potions of might
Books
 b - a book of Callings

   Spells                             Type                      Level
   a - Summon Small Mammal            Summoning                    1
   b - Call Imp                       Summoning                    2
   c - Call Canine Familiar           Summoning                    3
   d - Summon Guardian Golem          Hexes/Summoning              3
   e - Summon Lightning Spire         Summoning/Air                4
   f - Summon Ice Beast               Ice/Summoning                4
Comestibles
 c - 5 bread rations
 m - 4 chunks of flesh
 w - 42 fruits
 x - 4 meat rations


   Skills:
 + Level 2.9 Fighting
 + Level 3.2 Long Blades
 + Level 3.1 Armour
 * Level 5.4 Dodging
 - Level 2.0 Stealth
 * Level 4.5 Spellcasting
 + Level 6.1 Summonings
 + Level 1.4 Invocations


You had 3 spell levels left.
You knew the following spells:

 Your Spells              Type           Power        Failure   Level  Hunger
a - Summon Small Mammal   Summ           ####         1%          1    None
b - Call Imp              Summ           ####....     2%          2    #......
c - Call Canine Familiar  Summ           ####....     4%          3    ##.....
d - Summon Guardian Gole  Hex/Summ       ###.....     16%         3    ##.....


Dungeon Overview and Level Annotations

Branches:
Dungeon (1/1)

Altars:
Ashenzari
Cheibriados
Dithmenos
Elyvilon
Fedhas
Gozag
Hepliaklqana
Kikubaaqudgha
Makhleb
Nemelex Xobeh
Okawaru
Qazlal
Ru
Sif Muna
Trog
Uskayaw
Vehumet
Wu Jian
Xom
Yredelemnul
Zin
The Shining One
Beogh
Jiyva
Lugonu

Annotations:
D 1 transporter


Innate Abilities, Weirdness & Mutations

You have a beak for a mouth.
You have claws for feet.


Message History

You kill your hound!
Your hound's corpse disappears in a puff of smoke!
You slash the orange demon!
You claw the orange demon, but do no damage.
The orange demon is moderately wounded.
The Screaming Sword states, "Their screams, my satisfaction."
The iron imp, the orange demon and your guardian golem are hurt by the noise.
You block the orange demon's attack. The orange demon hits you.
The iron imp closely misses you. The orange demon barely misses you.
You riposte.
You slice the orange demon!! You claw the orange demon.
The orange demon is severely wounded.
You block the orange demon's attack.
You barely miss the orange demon.
The orange demon is severely wounded.
The Screaming Sword shouts, "Murder is sin, but it will be washed away with blood."
The iron imp, the orange demon and your guardian golem are hurt by the noise.
Your guardian golem overheats!
The orange demon stings you!
Ouch! That really hurt!
You die...

▓▓▓▓▓▓▓▓▓▓▓▓▓
▓.8©8.▓.8©8.▓
▓.[:=.▓.....▓
▓.....▓.}...▓
▓.....▓.)...▓
▓..4..▓..)..▓
▓.85@.▓.....▓
▓.....▓▓▓▓▓▓▓
▓▓▓▓▓▓▓


You could see an orange demon, an iron imp and a friendly guardian golem (inner
flame).

Vanquished Creatures
  An orc priest (D)
  An orc wizard (D)
  A shadow imp (D)
3 creatures vanquished.

Notes
Turn   | Place    | Note
-------+----------+-------------------------------------------
     0 | D        | Kidiri the Tengu Summoner began the quest for the Orb.
     0 | D        | Reached XP level 1. HP: 10/10 MP: 4/4
     0 | D        | Found a deep blue altar of Sif Muna.
     0 | D        | Found a bloodstained altar of Trog.
     0 | D        | Found a sacrificial altar of Ru.
     0 | D        | Found a stormy altar of Qazlal.
     0 | D        | Found an iron altar of Okawaru.
     1 | D        | Found a sparkling altar of Nemelex Xobeh.
     1 | D        | Found a blossoming altar of Fedhas.
     3 | D        | Found a transporter.
     3 | D        | Found an ancient bone altar of Kikubaaqudgha.
     3 | D        | Found a viscous altar of Jiyva.
     3 | D        | Found a corrupted altar of Lugonu.
     3 | D        | Found a hazy altar of Hepliaklqana.
     3 | D        | Found a burning altar of Makhleb.
     3 | D        | Found an opulent altar of Gozag.
   108 | D        | Reached skill level 5 in Summonings
   108 | D        | Reached XP level 2. HP: 17/17 MP: 4/7
   132 | D        | Became a worshipper of Qazlal Stormbringer
   145 | D        | Entered arena 2.
   145 | D        | Found a transporter.
   151 | D        | Reached skill level 5 in Dodging
   151 | D        | Reached XP level 3. HP: 9/22 MP: 5/9
   153 | D        | Reached skill level 6 in Summonings
   153 | D        | Reached skill level 1 in Invocations
   164 | D        | Learned a level 2 spell: Call Imp
   168 | D        | Learned a level 3 spell: Call Canine Familiar
   172 | D        | Learned a level 3 spell: Summon Guardian Golem
   342 | D        | Entered arena 3.
   342 | D        | Noticed an orange demon
   342 | D        | Found a transporter.
   347 | D        | Reached * piety under Qazlal
   347 | D        | Reached XP level 4. HP: 27/27 MP: 1/11
   352 | D        | Slain by an orange demon

Vault maps used:
D:        sprint_v

Skill      XL: |  1  2  3 |
---------------+----------+-----
Fighting       | 2 |  2.9
Long Blades    | 2 3 |  3.2
Armour         | 2 3 |  3.1
Dodging        | 4 5 |  5.4
Spellcasting   | 3 4 |  4.5
Summonings     | 5 6 |  6.1
Invocations    | 1 |  1.4
Stealth        | |  2.0

Action                   |  1- 3 |  4- 6 || total
-------------------------+-------+-------++-------
Melee: Double sword      |     7 |     3 ||    10
       Peck              |     2 |     1 ||     3
       Kick              |     1 |     3 ||     4
 Cast: Summon Small Mamm |     2 |       ||     2
       Call Canine Famil |     1 |       ||     1
       Summon Guardian G |     1 |       ||     1
  Use: Potion            |     1 |       ||     1
 Stab: Distracted        |     1 |       ||     1
Dodge: Dodged            |     1 |     6 ||     7
Block: Buckler           |     2 |     2 ||     4
       Rpst.: Double sword |       |     1 ||     1
